[Event "FIDE WCCC Open-12 2024"]
[Site "Montesilvano"]
[Date "2024.11.24"]
[Round "9.1"]
[White "Lacan Rus, David"]
[Black "Smirnov, Mark"]
[Result "0-1"]
[ECO "A18"]
[WhiteElo "2274"]
[BlackElo "2300"]
[Annotator "RC"]
[PlyCount "88"]
[EventDate "2024.11.18"]
[EventType "swiss"]
[EventCountry "ITA"]
[SourceTitle "playchess.com"]
[Source "ChessBase"]
[SourceQuality "1"]
[TimeControl "5400+30"]

1. c4 Nf6 2. Nc3 e6 3. e4 d5 4. cxd5 exd5 5. e5 Ne4 6. d4 Bb4 7. Bd2 Nxd2 8. Qxd2 c5 9. Nf3 Nc6 10. Bb5 Bg4 11. a3 Ba5 12. Rb1 Bxf3 13. gxf3 cxd4 14. Qxd4 O-O 15. Bxc6 bxc6 16. O-O Qg5+ 17. Kh1 Bb6 18. f4 Qf5 19. Qd2 f6 20. Rbe1 fxe5 21. Rxe5 Qh3 22. Qe2 Rxf4 23. Re7 Raf8 24. Rg1 g6 25. Rg3 Qf5 26. Re5 Qf6 27. Re6 Qh4 28. f3 R4f6 29. Re7 Qf4 30. Kg2 R6f7 31. Re6 Rf6 32. Re7 Bc5 33. Rb7 R6f7 34. Qe6 Qd6 35. Qxd6 Bxd6 36. Rxf7 Rxf7 37. Rg4 Rf4 38. b4 Rxg4+ 39. fxg4 Be5 40. Na4 Bd4 41. Kf3 Kf7 42. Ke2 Kf6 43. Kd3 Ke5 44. h4 h6 0-1

[Event "FIDE WCCC Open-12 2024"]
[Site "Montesilvano"]
[Date "2024.11.24"]
[Round "9.2"]
[White "Radzimski, Antoni"]
[Black "Liu, Patrick"]
[Result "1/2-1/2"]
[ECO "B15"]
[WhiteElo "2188"]
[BlackElo "2192"]
[Annotator "RC"]
[PlyCount "148"]
[EventDate "2024.11.18"]
[EventType "swiss"]
[EventCountry "ITA"]
[SourceTitle "playchess.com"]
[Source "ChessBase"]
[SourceQuality "1"]
[TimeControl "5400+30"]

1. e4 c6 2. Nc3 d5 3. d4 dxe4 4. Nxe4 Nf6 5. Nxf6+ exf6 6. c3 Bd6 7. Bd3 O-O 8. Qc2 Re8+ 9. Ne2 h5 10. O-O h4 11. h3 Nd7 12. Bd2 Nf8 13. Rae1 Bc7 14. f4 g6 15. f5 g5 16. Qd1 Qd6 17. Nf4 Rxe1 18. Rxe1 Bd7 19. Nh5 Qh2+ 20. Kf1 Nh7 21. Qg4 Kf8 22. c4 Re8 23. Rxe8+ Bxe8 24. Ke2 c5 25. Be3 cxd4 26. Bxd4 Be5 27. Bc5+ Kg8 28. b3 Bc3 29. Kf2 Qe5 30. Be3 Bc6 31. Nf4 Bd4 32. Nd5 Bxe3+ 33. Nxe3 Nf8 34. Qe2 Qh2 35. b4 b6 36. Qd2 Nd7 37. Bf1 Ne5 38. Qd4 Kg7 39. Ke2 Bf3+ 40. Ke1 Bxg2 41. Bxg2 Qxg2 42. Nxg2 Nf3+ 43. Kf2 Nxd4 44. Ne3 Kf8 45. c5 bxc5 46. bxc5 Ke8 47. Nd5 Nxf5 48. Nxf6+ Ke7 49. Ne4 f6 50. Kf3 Nd4+ 51. Ke3 Ne6 52. c6 f5 53. c7 Kd7 54. c8=Q+ Kxc8 55. Nd6+ Kd7 56. Nxf5 Ke8 57. Kf3 Kf7 58. Kg4 Kf6 59. Nd6 Nc5 60. Nb5 Nd3 61. Nxa7 Nf2+ 62. Kf3 Nxh3 63. Nc6 Nf4 64. a4 h3 65. Kg3 g4 66. Nd4 Ke5 67. Nc2 Ne2+ 68. Kh2 Kf4 69. a5 Kf3 70. a6 Kf2 71. Ne3 g3+ 72. Kxh3 Nf4+ 73. Kh4 Ne6 74. a7 Nc7 1/2-1/2

[Event "FIDE WCCC Open-12 2024"]
[Site "Montesilvano"]
[Date "2024.11.24"]
[Round "9.3"]
[White "Birmenko, Nikolay"]
[Black "Golis, Wiktor"]
[Result "0-1"]
[ECO "B12"]
[WhiteElo "2084"]
[BlackElo "2343"]
[Annotator "RC"]
[PlyCount "72"]
[EventDate "2024.11.18"]
[EventType "swiss"]
[EventCountry "ITA"]
[SourceTitle "playchess.com"]
[Source "ChessBase"]
[SourceQuality "1"]
[TimeControl "5400+30"]

1. e4 c6 2. d4 d5 3. e5 c5 4. Nf3 cxd4 5. Qxd4 Nc6 6. Qf4 g6 7. Nc3 d4 8. Bc4 Bf5 9. Nb5 Rc8 10. O-O a6 11. Na3 e6 12. Ng5 h5 13. Bd3 Nge7 14. Nc4 Nd5 15. Qf3 b5 16. Bxf5 gxf5 17. Nd6+ Bxd6 18. exd6 Qxd6 19. a4 Ne5 20. Qe2 b4 21. h3 f6 22. Nf3 Nxf3+ 23. Qxf3 Rxc2 24. Qd3 Qc6 25. Re1 Kf7 26. Bd2 Qc4 27. Qg3 Rxd2 28. Qd6 Re8 29. Qg3 d3 30. Qf3 Rh8 31. g3 h4 32. Rac1 Rc2 33. Rcd1 hxg3 34. fxg3 Qd4+ 35. Kf1 Rxh3 36. Rxd3 Rh1+ 0-1

[Event "FIDE WCCC Open-12 2024"]
[Site "Montesilvano"]
[Date "2024.11.24"]
[Round "9.4"]
[White "Negrean, Andrei"]
[Black "Stepanyan, Davit"]
[Result "1-0"]
[ECO "E10"]
[WhiteElo "2255"]
[BlackElo "2011"]
[Annotator "RC"]
[PlyCount "81"]
[EventDate "2024.11.18"]
[EventType "swiss"]
[EventCountry "ITA"]
[SourceTitle "playchess.com"]
[Source "ChessBase"]
[SourceQuality "1"]
[TimeControl "5400+30"]

1. d4 Nf6 2. c4 e6 3. Nf3 c5 4. d5 b5 5. Bf4 exd5 6. cxd5 d6 7. e4 a6 8. Nbd2 Nbd7 9. a4 Rb8 10. axb5 axb5 11. Bd3 Be7 12. Qe2 c4 13. Bc2 Nc5 14. Nd4 Bd7 15. O-O O-O 16. b4 cxb3 17. N2xb3 Nxb3 18. Bxb3 Re8 19. Rfc1 Rc8 20. Nc6 Bxc6 21. dxc6 Bf8 22. Bg5 Re5 23. Bxf6 Qxf6 24. Ra7 Rc5 25. Rxc5 dxc5 26. Qxb5 Kh8 27. Bd5 Bd6 28. g3 h6 29. Qb7 Qd8 30. Qxf7 Rc7 31. Rxc7 Bxc7 32. Kg2 Kh7 33. Be6 Kh8 34. h4 Be5 35. f4 Bc7 36. e5 Bb6 37. Bd7 Qa8 38. Kh3 Bc7 39. h5 Qb8 40. Be8 Qc8+ 41. g4 1-0

[Event "FIDE WCCC Open-12 2024"]
[Site "Montesilvano"]
[Date "2024.11.24"]
[Round "9.5"]
[White "Wijerathna, Vinuka Dihain"]
[Black "Aansh Nandan Nerurkar"]
[Result "0-1"]
[ECO "B53"]
[WhiteElo "2004"]
[BlackElo "2247"]
[Annotator "RC"]
[PlyCount "90"]
[EventDate "2024.11.18"]
[EventType "swiss"]
[EventCountry "ITA"]
[SourceTitle "playchess.com"]
[Source "ChessBase"]
[SourceQuality "1"]
[TimeControl "5400+30"]

1. e4 c5 2. Nf3 d6 3. d4 cxd4 4. Qxd4 Nc6 5. Bb5 Bd7 6. Bxc6 Bxc6 7. Nc3 Nf6 8. Bg5 e6 9. O-O-O Be7 10. Qd3 Qa5 11. h4 h6 12. Bd2 d5 13. e5 Ng4 14. Rhf1 Bc5 15. Be1 Qb6 16. Qe2 h5 17. Qd2 O-O-O 18. Qf4 d4 19. Ne4 Bxe4 20. Qxe4 Qa6 21. Rd3 Qxa2 22. Nd2 Rd5 23. f4 Ne3 24. Rf3 Kb8 25. Bf2 Qa1+ 26. Nb1 Nc4 27. Rb3 Qxb1+ 28. Kxb1 Nd2+ 29. Kc1 Nxe4 30. Be1 f5 31. Rfd3 Rc8 32. Kb1 Bb6 33. Rd1 Rdc5 34. Rc1 Ba5 35. Bxa5 Rxa5 36. Rd1 Rd5 37. Rb4 Rcd8 38. Rb3 Kc7 39. Kc1 b5 40. Rf3 a5 41. Kb1 Kb6 42. Kc1 a4 43. Kb1 b4 44. Kc1 Kb5 45. Kb1 Ra8 0-1

[Event "FIDE WCCC Open-12 2024"]
[Site "Montesilvano"]
[Date "2024.11.24"]
[Round "9.6"]
[White "Ambartsumian, Tyhran"]
[Black "Petroff, Vlad"]
[Result "1-0"]
[ECO "B13"]
[WhiteElo "2123"]
[BlackElo "2079"]
[Annotator "NA RC"]
[PlyCount "67"]
[EventDate "2024.11.18"]
[EventType "swiss"]
[EventCountry "ITA"]
[SourceTitle "playchess.com"]
[Source "ChessBase"]
[SourceQuality "1"]
[TimeControl "5400+30"]

1. e4 c6 2. d4 d5 3. exd5 cxd5 4. Bd3 Nc6 5. c3 Qc7 6. h3 g6 7. Ne2 Bf5 8. Bf4 Qb6 9. Bxf5 gxf5 10. O-O e6 11. Nd2 Nf6 12. Nc1 Be7 13. Nd3 O-O-O 14. Nf3 Nd7 15. b4 Rdg8 16. a4 h5 17. Qe2 Rh7 18. Nc5 Nxc5 19. dxc5 Qd8 20. a5 Nb8 21. a6 Qd7 22. Ne5 Qc7 23. Nd3 Qd7 24. b5 Bd8 25. b6 bxa6 26. Bxb8 Kxb8 27. Ne5 Qc8 28. Rxa6 Rhg7 29. Rxa7 Rxg2+ 30. Kh1 Bxb6 31. cxb6 Qxc3 32. Ra8+ Kxa8 33. Qa6+ Kb8 34. Nd7# 1-0

[Event "FIDE WCCC Open-12 2024"]
[Site "Montesilvano"]
[Date "2024.11.24"]
[Round "9.7"]
[White "Sahbudak, Baris Cinar"]
[Black "Platonovs, Nikolajs"]
[Result "0-1"]
[ECO "B23"]
[WhiteElo "2264"]
[BlackElo "1969"]
[Annotator "RC"]
[PlyCount "114"]
[EventDate "2024.11.18"]
[EventType "swiss"]
[EventCountry "ITA"]
[SourceTitle "playchess.com"]
[Source "ChessBase"]
[SourceQuality "1"]
[TimeControl "5400+30"]

1. e4 c5 2. Nc3 d6 3. f4 g6 4. Nf3 Bg7 5. Bc4 Nc6 6. O-O e6 7. d3 Nge7 8. Qe1 O-O 9. Bb3 Na5 10. Bd2 Nxb3 11. axb3 b6 12. e5 Bb7 13. Ne4 dxe5 14. fxe5 Bxe4 15. Qxe4 Qd5 16. Qe2 Nc6 17. Bc3 b5 18. Rae1 Rad8 19. Kh1 h6 20. Bd2 Nd4 21. Nxd4 Qxd4 22. Bc3 Qd5 23. b4 c4 24. d4 Rde8 25. Qg4 Kh7 26. Rf3 f5 27. Qh4 g5 28. Qh5 Re7 29. Bd2 f4 30. c3 Rf5 31. Bc1 Bf8 32. Rf2 Ref7 33. Kg1 Rg7 34. Qe8 Re7 35. Qh5 Rg7 36. Qe8 Rff7 37. Ref1 Be7 38. Rf3 a6 39. R3f2 Rf8 40. Qh5 Rf5 41. Qe2 Bd8 42. Qc2 Kh8 43. Rf3 Bb6 44. Rh3 Rh7 45. Rhf3 Qxe5 46. R3f2 Qd5 47. Re1 Rhf7 48. Rfe2 e5 49. Qd1 exd4 50. Re6 R5f6 51. Re8+ Kg7 52. Kf1 f3 53. g4 f2 54. R1e4 Qd6 55. R8e5 dxc3 56. Qe2 Qd3 57. bxc3 Qh3# 0-1

[Event "FIDE WCCC Open-12 2024"]
[Site "Montesilvano"]
[Date "2024.11.24"]
[Round "9.8"]
[White "Batbaatar, Baatar"]
[Black "Kuandykuly, Danis"]
[Result "0-1"]
[ECO "C82"]
[WhiteElo "2030"]
[BlackElo "2199"]
[Annotator "RC"]
[PlyCount "84"]
[EventDate "2024.11.18"]
[EventType "swiss"]
[EventCountry "ITA"]
[SourceTitle "playchess.com"]
[Source "ChessBase"]
[SourceQuality "1"]
[TimeControl "5400+30"]

1. e4 e5 2. Nf3 Nc6 3. Bb5 a6 4. Ba4 Nf6 5. O-O Nxe4 6. d4 b5 7. Bb3 d5 8. dxe5 Be6 9. c3 Bc5 10. Nbd2 O-O 11. Bc2 Nxf2 12. Rxf2 f6 13. Nf1 Bxf2+ 14. Kxf2 fxe5 15. Kg1 Bg4 16. Ne3 Be6 17. Nf1 h6 18. Be3 Qf6 19. a4 Rad8 20. axb5 axb5 21. Ra6 Bc8 22. Rxc6 Qxc6 23. Nxe5 Qe8 24. Nf3 Bf5 25. Bxf5 Rxf5 26. Qd3 Qe4 27. Qxb5 Rd6 28. Qe2 Rf7 29. b4 Re6 30. Qf2 Rfe7 31. Bd4 Qb1 32. N3d2 Qd1 33. Qf3 Re2 34. Qxd5+ Rf7 35. Nf3 c6 36. Qxc6 Kh7 37. b5 Qc2 38. Kh1 Qd1 39. Kg1 Qc2 40. Kh1 Qb1 41. Kg1 Qa2 42. Ne5 Rxe5 0-1

[Event "FIDE WCCC Open-12 2024"]
[Site "Montesilvano"]
[Date "2024.11.24"]
[Round "9.9"]
[White "Kleschevnikov, Arseny"]
[Black "Guo, Ethan"]
[Result "0-1"]
[ECO "A50"]
[WhiteElo "1893"]
[BlackElo "2157"]
[Annotator "RC"]
[PlyCount "76"]
[EventDate "2024.11.18"]
[EventType "swiss"]
[EventCountry "ITA"]
[SourceTitle "playchess.com"]
[Source "ChessBase"]
[SourceQuality "1"]
[TimeControl "5400+30"]

1. d4 Nf6 2. c4 e6 3. Bf4 Bb4+ 4. Nd2 b6 5. a3 Bxd2+ 6. Qxd2 Bb7 7. e3 d6 8. Ne2 Ne4 9. Qc2 g5 10. Bg3 Nd7 11. f3 Nxg3 12. Nxg3 h5 13. Bd3 h4 14. Ne4 f5 15. Nc3 h3 16. e4 Qf6 17. Nb5 O-O-O 18. Nxa7+ Kb8 19. Nb5 c6 20. Nxd6 Qxd4 21. Nxb7 Qe3+ 22. Kf1 Kxb7 23. Re1 hxg2+ 24. Kxg2 Qf4 25. Qc1 Ne5 26. Qxf4 gxf4 27. exf5 Rhg8+ 28. Kh3 Nxd3 29. Rxe6 Nf2+ 30. Kh4 Nxh1 31. f6 Rd7 32. Re7 Rxe7 33. fxe7 Nf2 34. h3 Kc7 35. b4 Kd7 36. c5 Kxe7 37. cxb6 Kf6 38. b7 Rh8# 0-1

[Event "FIDE WCCC Open-12 2024"]
[Site "Montesilvano"]
[Date "2024.11.24"]
[Round "9.10"]
[White "Antipov, Fedor"]
[Black "Luger, Sam"]
[Result "0-1"]
[ECO "C79"]
[WhiteElo "1991"]
[BlackElo "2094"]
[Annotator "NA RC"]
[PlyCount "120"]
[EventDate "2024.11.18"]
[EventType "swiss"]
[EventCountry "ITA"]
[SourceTitle "playchess.com"]
[Source "ChessBase"]
[SourceQuality "1"]
[TimeControl "5400+30"]

1. e4 e5 2. Nf3 Nc6 3. Bb5 a6 4. Ba4 Nf6 5. O-O d6 6. c3 Bd7 7. d4 g6 8. Qe2 b5 9. Bc2 Bg7 10. a4 O-O 11. axb5 axb5 12. Rxa8 Qxa8 13. Bd3 exd4 14. cxd4 Bg4 15. Be3 Nb4 16. Bxb5 Qxe4 17. Nc3 Qb7 18. h3 Bxf3 19. Qxf3 Qxf3 20. gxf3 Nfd5 21. Bc4 Ne7 22. Ra1 Nf5 23. d5 Nc2 24. Ra7 Ncxe3 25. fxe3 Nxe3 26. Rxc7 Rb8 27. Ne4 Bd4 28. Kh1 Rxb2 29. f4 Nf5 30. Bf1 Rb1 31. Nd2 Rd1 32. Rc2 Be3 33. Ne4 Rxf1+ 34. Kg2 Rg1+ 35. Kh2 Rd1 36. Rc7 Bxf4+ 37. Kg2 Be5 38. Ng5 Nh6 39. Rc8+ Kg7 40. Rc7 Rxd5 41. Ne6+ Kf6 42. Nf8 Rd2+ 43. Kf3 Rd3+ 44. Ke2 Rc3 45. Rb7 Bf4 46. h4 Nf5 47. Nd7+ Kg7 48. h5 gxh5 49. Rb4 Bg5 50. Nb6 Rc5 51. Nd7 Rc7 52. Nb8 h4 53. Na6 Ra7 54. Nb8 Ne7 55. Kf3 d5 56. Kg4 h6 57. Kh5 Ng8 58. Kg4 Ra3 59. Nc6 Re3 60. Kf5 Ne7+ 0-1

[Event "FIDE WCCC Open-12 2024"]
[Site "Montesilvano"]
[Date "2024.11.24"]
[Round "9.11"]
[White "Abdsattar, Alisher"]
[Black "Bulgak, Damir"]
[Result "1/2-1/2"]
[ECO "C54"]
[WhiteElo "2082"]
[BlackElo "2044"]
[Annotator "NA RC"]
[PlyCount "43"]
[EventDate "2024.11.18"]
[EventType "swiss"]
[EventCountry "ITA"]
[SourceTitle "playchess.com"]
[Source "ChessBase"]
[SourceQuality "1"]
[TimeControl "5400+30"]

1. e4 e5 2. Nf3 Nc6 3. Bc4 Nf6 4. d3 Bc5 5. c3 O-O 6. O-O d5 7. exd5 Nxd5 8. Re1 Bg4 9. h3 Bh5 10. Nbd2 Nb6 11. Bb3 Qxd3 12. Nxe5 Qf5 13. Nef3 Rad8 14. Qe2 Qc8 15. Qb5 Qf5 16. Qe2 Qc8 17. Qb5 Qf5 18. Qe2 Qc8 19. Qb5 Qf5 20. Qe2 Qc8 21. Qb5 Qf5 22. Qe2 1/2-1/2

[Event "FIDE WCCC Open-12 2024"]
[Site "Montesilvano"]
[Date "2024.11.24"]
[Round "9.12"]
[White "Diachek, Andrii"]
[Black "Marchand, Calix"]
[Result "0-1"]
[ECO "B44"]
[WhiteElo "2162"]
[BlackElo "2027"]
[Annotator "RC"]
[PlyCount "130"]
[EventDate "2024.11.18"]
[EventType "swiss"]
[EventCountry "ITA"]
[SourceTitle "playchess.com"]
[Source "ChessBase"]
[SourceQuality "1"]
[TimeControl "5400+30"]

1. e4 c5 2. Nf3 e6 3. d4 cxd4 4. Nxd4 Nc6 5. Nb5 d6 6. c4 Nf6 7. N1c3 a6 8. Na3 Qa5 9. Bd3 Be7 10. O-O O-O 11. Be2 Rd8 12. Bd2 Qe5 13. Bf3 Nd4 14. Nc2 Nxf3+ 15. Qxf3 Bd7 16. Be3 Qa5 17. Bd4 Rac8 18. Qe3 Qh5 19. Qd3 Ng4 20. h3 Ne5 21. Bxe5 dxe5 22. Ne3 Bg5 23. Ng4 Bf4 24. Rad1 Qg5 25. Qe2 h5 26. Nh2 Qg6 27. Nf3 Qf6 28. Rd6 Bc6 29. Rxd8+ Rxd8 30. Rd1 h4 31. b4 Qe7 32. Rxd8+ Qxd8 33. c5 Qd7 34. Kf1 g6 35. Ke1 Kg7 36. Qd1 Qc7 37. Qd3 Be8 38. Nxh4 a5 39. a3 axb4 40. axb4 b6 41. cxb6 Qxb6 42. Qc4 Qa7 43. g3 Qa1+ 44. Ke2 Qb2+ 45. Kf1 Qc1+ 46. Kg2 Bd2 47. Nf3 Qxc3 48. Qa6 Qxb4 49. Qc8 Bb5 50. Qc7 Qxe4 51. Qxe5+ Qxe5 52. Nxe5 f5 53. Kg1 Be2 54. f4 Be3+ 55. Kg2 Bd4 56. Nc6 Bc3 57. Na7 Ba6 58. Kh2 Kf6 59. g4 Ke7 60. Kg3 Be1+ 61. Kf3 Kd7 62. Ke3 Bc3 63. Kf3 Bd4 64. Kg3 Bxa7 65. Kh4 Ke7 0-1

[Event "FIDE WCCC Open-12 2024"]
[Site "Montesilvano"]
[Date "2024.11.24"]
[Round "9.13"]
[White "Sun, Kevin"]
[Black "Torres Rebolledo, Alvaro"]
[Result "0-1"]
[ECO "B13"]
[WhiteElo "1966"]
[BlackElo "2216"]
[Annotator "RC"]
[PlyCount "130"]
[EventDate "2024.11.18"]
[EventType "swiss"]
[EventCountry "ITA"]
[SourceTitle "playchess.com"]
[Source "ChessBase"]
[SourceQuality "1"]
[TimeControl "5400+30"]

1. e4 c6 2. d4 d5 3. exd5 cxd5 4. Bd3 Nc6 5. c3 Qc7 6. Ne2 Bg4 7. O-O e6 8. Qe1 Nf6 9. Bg5 Bxe2 10. Qxe2 h6 11. Be3 Bd6 12. g3 O-O 13. Nd2 a6 14. a4 Rfe8 15. f4 Ne7 16. Nf3 Nf5 17. Ne5 h5 18. Rae1 Reb8 19. Bd2 b5 20. axb5 axb5 21. Ra1 b4 22. Kg2 bxc3 23. bxc3 Ne4 24. Bxe4 Rxa1 25. Rxa1 dxe4 26. Qxe4 Bxe5 27. fxe5 Rb2 28. Qd3 h4 29. Rf1 Qb7+ 30. Kh3 g6 31. Rf2 Qh1 32. Be1 Rb8 33. Rf1 Qc6 34. Qf3 Qc7 35. g4 Ng7 36. Bxh4 Rb2 37. Ra1 Rc2 38. Ra3 f5 39. gxf5 gxf5 40. Bf6 Kh7 41. Qg3 Nh5 42. Qg5 Rxc3+ 43. Kh4 Nxf6 44. Rxc3 Qxc3 45. Qxf6 Qxd4+ 46. Kg3 Qe3+ 47. Kg2 Qe2+ 48. Kg3 Qg4+ 49. Kf2 Qf4+ 50. Kg2 Qh6 51. Qd8 Qg7+ 52. Kf3 Qxe5 53. Qe7+ Kh6 54. Qf8+ Qg7 55. Qd6 Qg4+ 56. Ke3 Qe4+ 57. Kf2 Qh4+ 58. Kg2 Qf6 59. Kf3 Kg6 60. Qg3+ Qg5 61. Qe5 Qg4+ 62. Ke3 Qh3+ 63. Kf2 Qh4+ 64. Ke3 Qe1+ 65. Kf4 Qf2# 0-1

[Event "FIDE WCCC Open-12 2024"]
[Site "Montesilvano"]
[Date "2024.11.24"]
[Round "9.14"]
[White "Shilon Rahav, Eliran"]
[Black "Sobirov, Afruzbek"]
[Result "0-1"]
[ECO "C77"]
[WhiteElo "2150"]
[BlackElo "1928"]
[Annotator "RC"]
[PlyCount "143"]
[EventDate "2024.11.18"]
[EventType "swiss"]
[EventCountry "ITA"]
[SourceTitle "playchess.com"]
[Source "ChessBase"]
[SourceQuality "1"]
[TimeControl "5400+30"]

1. e4 e5 2. Nf3 Nc6 3. Bb5 a6 4. Ba4 Nf6 5. Qe2 Bc5 6. c3 b5 7. Bc2 d6 8. O-O O-O 9. Rd1 Bg4 10. h3 Bh5 11. d3 Qe7 12. Nbd2 Rfe8 13. Nf1 Rad8 14. g4 Bg6 15. Ng3 d5 16. Nh4 dxe4 17. Nhf5 Bxf5 18. Nxf5 Qf8 19. dxe4 Rxd1+ 20. Bxd1 Ne7 21. Bb3 Nxf5 22. exf5 e4 23. Bf4 Bd6 24. Bxd6 Qxd6 25. Rd1 Qf4 26. Qe3 Qxe3 27. fxe3 h6 28. Kf2 Kf8 29. Kg3 g5 30. fxg6 fxg6 31. Kf4 g5+ 32. Kf5 Kg7 33. Be6 Re7 34. b4 Ne8 35. Ke5 Nd6 36. Rxd6 cxd6+ 37. Kxd6 Kf6 38. Bd7 Re5 39. Kc6 Re7 40. Bc8 Ke5 41. Bxa6 Ra7 42. Kxb5 Rd7 43. Kc4 Rd3 44. b5 Rxe3 45. b6 Kd6 46. Kd4 Rxh3 47. c4 Ra3 48. Bb5 Rd3+ 49. Kxe4 Rd1 50. a4 Kc5 51. a5 Rd8 52. Kf5 Kb4 53. a6 Kc5 54. b7 Kb6 55. c5+ Kc7 56. Kg6 Kb8 57. c6 Rd5 58. Ba4 Rd4 59. Bb3 Rd6+ 60. Kh5 Rxc6 61. Bf7 Rxa6 62. Bd5 Kc7 63. Be4 Rb6 64. Bf3 Kd7 65. Be4 Ke7 66. Bd5 Kf8 67. Be4 Kg7 68. Bg2 Rb3 69. b8=Q Rb5 70. Qb7+ Rxb7 71. Bxb7 Kf6 72. Be4 0-1

[Event "FIDE WCCC Open-12 2024"]
[Site "Montesilvano"]
[Date "2024.11.24"]
[Round "9.15"]
[White "Zhang, Haoxuan"]
[Black "Golubovic, Erik"]
[Result "1/2-1/2"]
[ECO "B90"]
[WhiteElo "1951"]
[BlackElo "2147"]
[Annotator "RC"]
[PlyCount "159"]
[EventDate "2024.11.18"]
[EventType "swiss"]
[EventCountry "ITA"]
[SourceTitle "playchess.com"]
[Source "ChessBase"]
[SourceQuality "1"]
[TimeControl "5400+30"]

1. e4 c5 2. Nf3 d6 3. d4 cxd4 4. Nxd4 Nf6 5. Nc3 a6 6. Be3 e5 7. Nf3 Qc7 8. a4 b6 9. Be2 Be7 10. O-O O-O 11. Nd2 Be6 12. Bf3 Nbd7 13. Qe2 h6 14. Rfd1 Rfe8 15. Nf1 Bf8 16. h3 Nc5 17. Qd2 Ncd7 18. Ng3 Rac8 19. Nf5 Red8 20. Ng3 Nb8 21. Rac1 Nbd7 22. Nd5 Qc6 23. Qb4 Rb8 24. Nf5 Bxd5 25. exd5 Qc7 26. c3 Re8 27. Be2 Nc5 28. Qh4 Qd8 29. Rc2 Ra8 30. Kh1 Nh7 31. Qxd8 Rexd8 32. Ra1 Nf6 33. b4 Ncd7 34. Rd1 Rdc8 35. Rcc1 Kh7 36. g4 g6 37. Ng3 Be7 38. Kg2 Kg7 39. f4 exf4 40. Bxf4 Ne8 41. Ne4 Ndf6 42. Nf2 Nd7 43. Nd3 Bf6 44. Bd2 Ne5 45. Nxe5 Bxe5 46. Bd3 Nf6 47. c4 Nd7 48. Be3 Bf6 49. Rc2 Bg5 50. Bf2 Bf6 51. Rdc1 Bg5 52. Ra1 Bf6 53. Raa2 a5 54. b5 Rab8 55. Ra3 Re8 56. Be2 Re7 57. Re3 Rxe3 58. Bxe3 Re8 59. Bf2 Bg5 60. Bg3 Be7 61. Bf2 Bg5 62. Bf3 Bf4 63. Bd4+ Be5 64. Bf2 Bf4 65. Re2 Rxe2 66. Bxe2 Bd2 67. Kf3 Bb4 68. Bd4+ Kf8 69. Bd3 Bc5 70. Bc3 Bg1 71. Bc2 Bh2 72. Bd4 Be5 73. Be3 Kg7 74. h4 Bc3 75. Ke4 Bb4 76. Bf4 Bc5 77. Kf3 Bb4 78. Bg3 Bc5 79. Bf4 Bb4 80. Ke4 1/2-1/2

[Event "FIDE WCCC Open-12 2024"]
[Site "Montesilvano"]
[Date "2024.11.24"]
[Round "9.16"]
[White "Belin, Anton"]
[Black "Mamikonyan, Artem T"]
[Result "0-1"]
[ECO "B15"]
[WhiteElo "2138"]
[BlackElo "1918"]
[Annotator "RC"]
[PlyCount "112"]
[EventDate "2024.11.18"]
[EventType "swiss"]
[EventCountry "ITA"]
[SourceTitle "playchess.com"]
[Source "ChessBase"]
[SourceQuality "1"]
[TimeControl "5400+30"]

1. e4 c6 2. d4 d5 3. Nd2 dxe4 4. Nxe4 Nf6 5. Nxf6+ exf6 6. c3 Bd6 7. Bd3 O-O 8. Qc2 Re8+ 9. Ne2 h5 10. O-O h4 11. h3 Nd7 12. Bd2 Nf8 13. Rae1 Qc7 14. c4 Qd8 15. f4 Ne6 16. f5 Nxd4 17. Nxd4 Rxe1 18. Bxe1 Bc5 19. Bxh4 Bxd4+ 20. Kh1 Be5 21. Rd1 Bd7 22. c5 Qe7 23. Re1 Re8 24. Bf2 Qd8 25. Bc4 Bb8 26. Rd1 Qe7 27. Bg1 Bc8 28. b4 Bc7 29. b5 Qe5 30. b6 axb6 31. cxb6 Bb8 32. Qb3 Qe7 33. Qf3 Rf8 34. Qh5 Bf4 35. Rd4 Bh6 36. Rg4 Kh7 37. Rg3 Qe4 38. Bxf7 Bxf5 39. Be3 g5 40. Bb3 Bg6 41. Qg4 Qb1+ 42. Qd1 Qxd1+ 43. Bxd1 Ra8 44. Bb3 Be4 45. Bd4 f5 46. Rc3 Rd8 47. Rc4 Kg6 48. Kg1 Bd3 49. Ra4 Bb5 50. Rb4 Bf8 51. Bc3 Bxb4 52. Bxb4 Re8 53. Kf2 Re2+ 54. Kf3 g4+ 55. hxg4 fxg4+ 56. Kxg4 Re4+ 0-1

[Event "FIDE WCCC Open-12 2024"]
[Site "Montesilvano"]
[Date "2024.11.24"]
[Round "9.17"]
[White "Gao, Heye"]
[Black "Fulgentini, Edoardo"]
[Result "1-0"]
[ECO "B33"]
[WhiteElo "1933"]
[BlackElo "2075"]
[Annotator "NA RC"]
[PlyCount "59"]
[EventDate "2024.11.18"]
[EventType "swiss"]
[EventCountry "ITA"]
[SourceTitle "playchess.com"]
[Source "ChessBase"]
[SourceQuality "1"]
[TimeControl "5400+30"]

1. e4 c5 2. Nf3 Nc6 3. d4 cxd4 4. Nxd4 Nf6 5. Nc3 e6 6. Ndb5 d6 7. Bf4 e5 8. Bg5 a6 9. Na3 b5 10. Nd5 Be7 11. Bxf6 Bxf6 12. c3 Rb8 13. Nc2 Bg5 14. a4 bxa4 15. Ncb4 Nxb4 16. cxb4 Bd7 17. Bxa6 O-O 18. O-O Bc6 19. Rxa4 Bxa4 20. Qxa4 g6 21. b5 f5 22. Qc4 Rf7 23. b6 Rxb6 24. Nxb6 Qxb6 25. Qc8+ Kg7 26. Bc4 Rf8 27. Qd7+ Kh6 28. exf5 Rxf5 29. Bg8 Kh5 30. h3 1-0

[Event "FIDE WCCC Open-12 2024"]
[Site "Montesilvano"]
[Date "2024.11.24"]
[Round "9.18"]
[White "Obidjonov, Oriyat"]
[Black "Qu, Haoming"]
[Result "1/2-1/2"]
[ECO "C41"]
[WhiteElo "2074"]
[BlackElo "1969"]
[Annotator "NA RC"]
[PlyCount "121"]
[EventDate "2024.11.18"]
[EventType "swiss"]
[EventCountry "ITA"]
[SourceTitle "playchess.com"]
[Source "ChessBase"]
[SourceQuality "1"]
[TimeControl "5400+30"]

1. e4 d6 2. d4 Nf6 3. Nc3 e5 4. Nf3 exd4 5. Nxd4 Be7 6. Be2 O-O 7. O-O Re8 8. Re1 Nbd7 9. Nf5 Bf8 10. Bf1 Nc5 11. Ng3 a5 12. Bf4 c6 13. h3 Be6 14. a3 b5 15. b4 axb4 16. axb4 Na6 17. Nxb5 cxb5 18. Bxb5 Qb6 19. Bxe8 Rxe8 20. c3 Bc4 21. Qd2 g6 22. Bh6 Nd7 23. Rad1 Bb3 24. Rb1 Be6 25. Bxf8 Rxf8 26. Red1 Nc7 27. Qxd6 Nb5 28. Qd2 Ne5 29. Rbc1 Bb3 30. Rf1 f6 31. c4 Rd8 32. c5 Qc7 33. Qb2 Qf7 34. Ra1 Nc6 35. Ra6 Nbd4 36. Rfa1 Nc2 37. Rb1 N2xb4 38. Rxc6 Nxc6 39. Qxb3 Qxb3 40. Rxb3 Rd1+ 41. Kh2 Rc1 42. e5 f5 43. f4 Rxc5 44. Nf1 Nd4 45. Rb8+ Kg7 46. Rb7+ Kg8 47. h4 Ne6 48. g3 Rc2+ 49. Kh3 Re2 50. Rd7 h6 51. Nd2 g5 52. hxg5 hxg5 53. fxg5 Nxg5+ 54. Kh4 Rxd2 55. Rxd2 Nf3+ 56. Kh5 Nxd2 57. e6 Ne4 58. Kg6 Nd6 59. e7 Ne8 60. Kxf5 Kf7 61. Ke4 1/2-1/2

[Event "FIDE WCCC Open-12 2024"]
[Site "Montesilvano"]
[Date "2024.11.24"]
[Round "9.19"]
[White "Karthi, Jashith"]
[Black "Yerzhanuly Yernur"]
[Result "1/2-1/2"]
[ECO "E86"]
[WhiteElo "2073"]
[BlackElo "1917"]
[Annotator "NA RC"]
[PlyCount "141"]
[EventDate "2024.11.18"]
[EventType "swiss"]
[EventCountry "ITA"]
[SourceTitle "playchess.com"]
[Source "ChessBase"]
[SourceQuality "1"]
[TimeControl "5400+30"]

1. d4 Nf6 2. c4 g6 3. f3 Bg7 4. e4 d6 5. Nc3 O-O 6. Be3 e5 7. Nge2 c6 8. Qd2 exd4 9. Nxd4 d5 10. cxd5 cxd5 11. e5 Nfd7 12. f4 Nc6 13. O-O-O Nxd4 14. Bxd4 f6 15. e6 Nb6 16. f5 gxf5 17. Bc5 Bxe6 18. Bxf8 Bxf8 19. Nb5 Rc8+ 20. Kb1 Nc4 21. Bxc4 Rxc4 22. Nd4 Bf7 23. Ka1 Qb6 24. Rhf1 Ra4 25. b3 Ra5 26. Nxf5 Ra3 27. Rf3 Qa6 28. Qb2 Ra5 29. Rdf1 Bg6 30. g4 Ba3 31. Qc2 Bc5 32. Qd2 Bb4 33. Qc2 Rc5 34. Qd3 Bc3+ 35. Kb1 Qa3 36. R3f2 a5 37. Ne7+ Kg7 38. Nxg6 hxg6 39. Rc2 d4 40. Qf3 Rc6 41. g5 f5 42. Qd5 Qe7 43. Qb5 Re6 44. Qd3 a4 45. Rxc3 dxc3 46. Qxc3+ Kf7 47. Rc1 axb3 48. Qxb3 Kg7 49. Qc3+ Kf7 50. Qh8 Qxg5 51. Qh7+ Kf6 52. Qh8+ Kf7 53. Rc7+ Re7 54. Qh7+ Ke6 55. Rxe7+ Qxe7 56. Qxg6+ Ke5 57. Qg3+ Kd4 58. Qf2+ Qe3 59. Qb2+ Kc4 60. Qc2+ Kb4 61. Qb2+ Kc4 62. Qxb7 Qg1+ 63. Kc2 Qxh2+ 64. Kd1 Qg1+ 65. Ke2 Qg4+ 66. Qf3 Qxf3+ 67. Kxf3 Kb4 68. Kf4 Ka3 69. Kf3 f4 70. Kxf4 Kxa2 71. Ke4 1/2-1/2